 Dungeon Crawl Stone Soup version 0.25.0-9-g26727b657a (webtiles) character file.

Game seed: 6602463625992938311

3490 grindst0ne the Blocker (level 9, -2/81 HPs)
             Began as a Deep Dwarf Artificer on June 20, 2020.
             Was a Priest of Makhleb.
             Slain by a vampire (9 damage)
             ... on level 9 of the Dungeon.
             The game lasted 00:20:26 (7317 turns).

grindst0ne the Blocker (Deep Dwarf Artificer)       Turns: 7317, Time: 00:20:26

Health: -2/81      AC: 10    Str: 18    XL:     9   Next: 80%
Magic:  9/9        EV: 11    Int: 13    God:    Makhleb [***...]
Gold:   517        SH: 11    Dex: 13    Spells: 8/8 levels left

rFire    + . .     SeeInvis .   B - +0 war axe
rCold    . . .     Gourm    .   o - +0 kite shield
rNeg     . . .     Faith    .   k - +0 chain mail
rPois    .         Spirit   .   (no helmet)
rElec    .         Reflect  .   (no cloak)
rCorr    .         Harm     .   (no gloves)
MR       +....                  (no boots)
Stlth    ..........             I - amulet of the acrobat
HPRegen  0.00/turn              h - +4 ring of evasion
MPRegen  0.11/turn              j - ring of protection from fire

@: non-regenerating
A: damage resistance, heal wounds, sense surroundings 2, no regeneration
a: Heal Wounds, Minor Destruction, Lesser Servant of Makhleb, Renounce Religion


You were on level 9 of the Dungeon.
You worshipped Makhleb.
Makhleb was most pleased with you.
You were not hungry.

You visited 1 branch of the dungeon, and saw 9 of its levels.
You also visited: Ossuary.

You collected 517 gold pieces.

Inventory:

Hand Weapons
 m - a +2 dagger of draining
 B - a +0 war axe (weapon)
 Q - a +0 dagger of venom
Missiles
 y - 7 silver boomerangs (quivered)
 F - 2 boomerangs
Armour
 k - a +0 chain mail (worn)
 o - a +0 kite shield (worn)
 D - a +0 plate armour
Jewellery
 h - a +4 ring of evasion (left hand)
 j - a ring of protection from fire (right hand)
 r - an uncursed ring of protection from magic
 u - an uncursed ring of positive energy
 H - an uncursed ring of stealth
 I - an amulet of the acrobat (around neck)
Wands
 c - a wand of flame (2)
 d - a wand of enslavement (12)
 e - a wand of random effects (4)
 A - a wand of polymorph (6)
 J - a wand of iceblast (5)
Scrolls
 g - a scroll of noise {unknown}
 l - 5 scrolls of remove curse
 n - 3 scrolls of enchant weapon
 q - 4 scrolls of teleportation
 s - a scroll of blinking
 t - a scroll of fog
 w - a scroll of magic mapping
 C - 2 scrolls of immolation
 G - 2 scrolls of amnesia {unknown}
 L - 2 scrolls of enchant armour {unknown}
 O - a scroll of acquirement {unknown}
Potions
 a - 6 potions of heal wounds
 b - a potion of degeneration {unknown}
 i - 2 potions of flight
 v - a potion of berserk rage {unknown}
 x - 3 potions of cancellation
 z - 2 potions of ambrosia {unknown}
 E - 2 potions of brilliance {unknown}
 M - 2 potions of might {unknown}
 N - a potion of stabbing {unknown}
Comestibles
 f - 15 rations
 K - 5 chunks of flesh


   Skills:
 + Level 5.2 Fighting
 - Level 0.8 Short Blades
 * Level 5.8 Axes
 + Level 6.2 Armour
 - Level 2.5 Dodging
 - Level 1.2 Stealth
 * Level 8.2 Shields
 * Level 8.2 Invocations
 - Level 4.0 Evocations


You had 8 spell levels left.
You didn't know any spells.
Your spell library contained the following spells:

 Spells                   Type           Power        Failure   Level  Hunger
 Animate Skeleton         Necr           N/A          100%        1    ##.....
 Corona                   Hex            #......      100%        1    ##.....
 Pain                     Necr           #...         100%        1    ##.....
 Slow                     Hex            #.......     100%        2    ###....
 Inner Flame              Hex/Fire       #.......     100%        3    ####...
 Portal Projectile        Hex/Tloc       #.....       100%        3    ####...
 Vampiric Draining        Necr           #.........   100%        3    ####...
 Animate Dead             Necr           N/A          100%        4    #####..
 Cause Fear               Hex            #.........   100%        4    #####..
 Leda's Liquefaction      Hex/Erth       #.........   100%        4    #####..
 Agony                    Necr           #.......     100%        5    ######.


Dungeon Overview and Level Annotations

Branches:
Dungeon (9/15)             Temple (0/1) D:5            Lair (0/6) D:9
Ossuary (visited)
    Orc: D:9-12

Altars:
Cheibriados
Dithmenos
Elyvilon
Fedhas
Makhleb
Okawaru
Qazlal
Ru
Sif Muna
Trog
Uskayaw
Xom
The Shining One

Annotations:
D:3 3 runed translucent doors, Lanoc's ghost, amateur TrSk
D:5 exclusion: downstairs


Innate Abilities, Weirdness & Mutations

You are resistant to damage.
You can heal yourself by infusing magical energy.
You passively map the area around you.
You do not regenerate.


Message History

You're too confused!
Okay, then.
You feel better. Something hits you. Something bites you!
Something draws strength from your injuries!
Evoke which item? (* to show all) (? for menu, Esc to quit)
Okay, then.
Something hits you but does no damage. Something bites you but does no damage.
You barely miss something. Something hits you.
Something bites you but does no damage.
You miss something. Something hits you.
* * * LOW HITPOINT WARNING * * *
You block something's attack.
Evoke which item? (* to show all) (? for menu, Esc to quit)
Aiming: Iceblast
Press: ? - help, Shift-Dir - straight line The mass of ice explodes!
The iceblast engulfs something.
The iceblast engulfs you!
* * * LOW HITPOINT WARNING * * *
Something hits you!
You die...

#.......#.# *
#####...)...#.#,
,
#...........+.#,
,
#...........#..,
#.<.........#.#
#.......#######
* #.......# ,, ,
, #...{...+ , ,,
, #....@..# , ,
, #.......#,, ,,
#.......# , ,
#.......# , * ,
, ##......# , ,
#......# ,,, * *
* #......# *
#......., * , ,
** , , *


There were no monsters in sight!

Vanquished Creatures
  A two-headed ogre (D:8)
  A komodo dragon (D:9)
  Grinder (D:3)
  A hippogriff (D:7)
  Sigmund (D:2)
  Menkaure (D:4)
  A water moccasin (D:6)
  An ice beast (D:8)
  An ogre (D:4)
  A phantom (D:4)
  A centaur (D:5)
  2 elf zombies (Ossuary)
  2 bullfrogs
  2 jellies
  2 water moccasin skeletons
  3 killer bees (D:8)
  A howler monkey (D:4)
  A crimson imp (D:7)
  A centaur zombie (D:7)
  2 hounds
  A centaur skeleton (D:5)
  3 orc priests
  4 orc wizards
  A bullfrog skeleton (D:8)
  An iguana (D:9)
  5 worker ants
  2 big kobold zombies (Ossuary)
  2 mummies (Ossuary)
  A hound skeleton (D:5)
  7 adders
  A shadow imp (D:6)
  2 oozes
  2 adder zombies
  2 worms (D:2)
  2 dart slugs (D:2)
  4 leopard geckos
  17 orcs
  7 bats
  9 giant cockroaches
  6 goblins
  9 hobgoblins
  11 jackals
  4 quokkas
  2 ball pythons
  A ball python skeleton (D:5)
  4 frilled lizards
  A goblin zombie (Ossuary)
  8 hobgoblin zombies (Ossuary)
  A jackal zombie (Ossuary)
  9 kobolds
  11 kobold zombies (Ossuary)
  10 orc zombies (Ossuary)
  13 rats
  A rat zombie (Ossuary)
191 creatures vanquished.

Vanquished Creatures (collateral kills)
  An ogre (D:6)
1 creature vanquished.

Vanquished Creatures (others)
  A plant (D:9)
1 creature vanquished.

Grand Total: 193 creatures vanquished

Notes
Turn   | Place    | Note
-------+----------+-------------------------------------------
     0 | D:1      | grindst0ne the Deep Dwarf Artificer began the quest for the
                  | Orb.
     0 | D:1      | Reached XP level 1. HP: 16/16 MP: 3/3
    19 | D:1      | Reached skill level 1 in Fighting
    76 | D:1      | Reached XP level 2. HP: 11/25 MP: 5/5
    96 | D:1      | Reached skill level 1 in Armour
   607 | D:1      | Reached XP level 3. HP: 14/32 MP: 6/6
  1253 | D:2      | Found a burning altar of Makhleb.
  1338 | D:2      | Became a worshipper of Makhleb the Destroyer
  1339 | D:2      | Noticed Sigmund
  1397 | D:2      | Killed Sigmund
  1397 | D:2      | Reached XP level 4. HP: 20/40 MP: 6/6
  1397 | D:2      | Reached XP level 5. HP: 24/48 MP: 7/7
  1485 | D:2      | Found a sacrificial altar of Ru.
  1819 | D:3      | Noticed Grinder
  1864 | D:3      | Killed Grinder
  1864 | D:3      | Reached XP level 6. HP: 29/56 MP: 8/8
  1923 | D:3      | Noticed a moth of wrath
  1925 | D:3      | Found a bloodstained altar of Trog.
  2034 | D:3      | Found a runed translucent gate.
  2035 | D:3      | Found a runed translucent gate.
  2036 | D:3      | Found a runed translucent gate.
  2037 | D:3      | Noticed Lanoc's ghost (amateur TrSk)
  2350 | D:3      | Reached * piety under Makhleb
  2350 | D:3      | Reached skill level 1 in Invocations
  2732 | D:4      | Reached XP level 7. HP: 30/62 MP: 9/9
  2894 | D:4      | Found a shimmering altar of Xom.
  2939 | D:4      | Noticed Menkaure
  2944 | D:4      | Killed Menkaure
  2944 | D:4      | Reached skill level 5 in Shields
  3119 | D:4      | Found a shimmering blue altar of Sif Muna.
  3653 | D:5      | Entered Level 5 of the Dungeon
  3790 | D:5      | Found a glowing golden altar of the Shining One.
  3865 | D:5      | Reached skill level 1 in Axes
  3952 | D:5      | Reached XP level 8. HP: 41/72 MP: 9/9
  3994 | D:5      | Found a snail-covered altar of Cheibriados.
  4057 | D:5      | Found a staircase to the Ecumenical Temple.
  4704 | D:6      | Noticed a two-headed ogre
  4708 | D:6      | Noticed a two-headed ogre
  4818 | D:6      | Reached skill level 5 in Invocations
  4897 | D:6      | Reached skill level 5 in Armour
  5170 | D:6      | a two-headed ogre changed into a redback
  5215 | D:7      | Found a hide-covered altar of Uskayaw.
  5241 | D:7      | Found a blossoming altar of Fedhas.
  5241 | D:7      | Found an iron altar of Okawaru.
  5305 | D:7      | Noticed a hippogriff
  5321 | D:7      | Killed a hippogriff
  5397 | D:7      | Reached ** piety under Makhleb
  5595 | D:7      | Found a shadowy altar of Dithmenos.
  5737 | D:7      | Found a white marble altar of Elyvilon.
  5834 | D:7      | Found a stormy altar of Qazlal.
  6099 | D:8      | Found a sand-covered staircase.
  6100 | D:8      | Noticed a two-headed ogre
  6106 | Ossuary  | Entered an ossuary
  6258 | Ossuary  | Reached *** piety under Makhleb
  6320 | Ossuary  | Gained mutation: You passively map the area around you.
                  | [Deep Dwarf growth]
  6320 | Ossuary  | Reached XP level 9. HP: 63/79 MP: 10/10
  6497 | D:8      | Killed a two-headed ogre
  6497 | D:8      | Reached skill level 5 in Fighting
  6497 | D:8      | Reached skill level 5 in Axes
  7241 | D:9      | Found a staircase to the Lair.
  7242 | D:9      | Noticed a komodo dragon
  7271 | D:9      | Killed a komodo dragon
  7317 | D:9      | Slain by a vampire

Illustrated notes

Levels and vault maps discovered:
D:1:      beargit_arrival_greenhouse, layout_basic
D:2:      minmay_door_path, layout_loops_ring, lemuel_doored_altar,
          first_ration, lemuel_tele_altar, uniq_sigmund
D:3:      layout_loops_ring, tgw_trog, gammafunk_ghost_necromancy, uniq_grinder
D:4:      layout_basic, lemuel_coloured_pillars_altar, lemuel_round_altar,
          uniq_menkaure
D:5:      layout_loops_corners, tso_metal_star,
          minmay_temple_entry_glassed_door, cheibriados_altar_1
D:6:      hangedman_cross_stitches, layout_gridville, minivault_25
D:7:      layout_loops_ring, lemuel_crystal_altar,
          nicolae_qazlal_general_emergency, old_standard_altar,
          nicolae_dithmenos_shadow_blocks,
          chequers_temple_overflow_statue_of_worship
D:8:      layout_loops_ring, nicolae_ossuary_entry_monument,
          kennysheep_pointless_box
D:9:      layout_irregular_city, marbit_many_paths, david_lair_shrubbed,
          grunt_pizzeria, supply_closet_lemuel, uniq_erolcha

Skill      XL: |  1  2  3  4  5  6  7  8  9 |
---------------+----------------------------+-----
Fighting       | 1 2 3 4 5 |  5.2
Armour         | 1 3 4 5 6 |  6.2
Shields        | 3 4 5 7 8 |  8.2
Invocations    | 1 4 6 8 |  8.2
Axes           | 1 4 5 |  5.8
Short Blades   | |  0.8
Dodging        | |  2.5
Stealth        | |  1.2
Evocations     | |  4.0

Action                   |  1- 3 |  4- 6 |  7- 9 || total
-------------------------+-------+-------+-------++-------
Melee: Short sword       |    88 |       |       ||    88
       Dagger            |    78 |   128 |   283 ||   489
       War axe           |       |       |   347 ||   347
Throw: Throwing net      |       |       |     2 ||     2
       Boomerang         |       |       |    17 ||    17
 Abil: Heal Wounds       |     3 |     3 |    12 ||    18
Evoke: Wand              |     2 |     3 |    28 ||    33
  Use: Scroll            |       |       |    12 ||    12
       Potion            |       |       |     1 ||     1
 Stab: Sleeping          |     3 |       |       ||     3
       Confused          |       |       |     1 ||     1
  Eat: Chunk             |     2 |     4 |    13 ||    19
       Ration            |       |       |     1 ||     1
Armor: Leather armour    |    43 |    16 |       ||    59
       Chain mail        |       |       |   260 ||   260
Dodge: Dodged            |   118 |    52 |   220 ||   390
Block: Kite shield       |    25 |    54 |   344 ||   423
